[Event "Team 45 45 League T72"]
[Site "Internet Chess Club"]
[Date "2017.04.23"]
[Round "6"]
[White "Gilguli"]
[Black "pcvan"]
[Result "1-0"]
[WhiteElo "1358"]
[BlackElo "1392"]
[Opening "Sicilian defense"]
[ECO "B20"]
[Time "15:02:27"]
[TimeControl "2700+45"]

1. e4 c5 2. a3 g6 3. h4 Bg7 4. h5 Nc6 5. hxg6 fxg6 6. Bc4 Nf6 7. Nc3 Ne5 8. Ba2
d6 9. d3 Bg4 10. f3 Bd7 11. Nge2 Qb6 12. Nf4 c4 13. dxc4 Rc8 14. Nfd5 Nxd5 15.
Nxd5 Qc5 16. Be3 Qc6 17. Bg5 Qc5 18. Bxe7 Nxc4 19. Bxc4 Qxc4 20. Bf6 Kf7 21.
Bxg7 Kxg7 22. Qd2 Qxc2 23. Qd4+ Kf7 24. Qf6+ {Black resigns} 1-0

[Event "Team 45 45 League T72"]
[Site "Internet Chess Club"]
[Date "2017.04.23"]
[Round "6"]
[White "drsigmund1"]
[Black "bardu"]
[Result "1-0"]
[WhiteElo "1422"]
[BlackElo "1386"]
[Opening "Queen's pawn: London system"]
[ECO "A45"]
[Time "09:40:37"]
[TimeControl "2700+45"]

1. d4 Nf6 2. Bf4 g6 3. Nc3 d5 4. e3 c6 5. Bd3 Bg7 6. Nf3 Nbd7 7. e4 dxe4 8. Bxe4
Nxe4 9. Nxe4 Qa5+ 10. Qd2 Qb5 11. O-O-O O-O 12. Bh6 Nb6 13. Bxg7 Nc4 14. Qc3
Kxg7 15. h4 Kg8 16. h5 Bf5 17. Neg5 gxh5 18. Rxh5 Bg4 19. Rh6 f6 20. Rdh1 fxg5
21. Rxh7 Bxf3 22. gxf3 Nd6 23. d5 Rf6 24. Qe3 Qf1+ 25. Rxf1 Kxh7 26. Qxe7+ Kg6
27. Rh1 Kf5 28. dxc6 bxc6 29. Qd7+ Kf4 30. Qxc6 Rc8 31. Qd5 Nc4 32. Qe4# {Black
checkmated} 1-0

[Event "Team 45 45 League T72"]
[Site "Internet Chess Club"]
[Date "2017.04.25"]
[Round "6"]
[White "Toalla"]
[Black "Andaluz"]
[Result "1/2-1/2"]
[WhiteElo "1181"]
[BlackElo "1300"]
[Opening "Sicilian defense"]
[ECO "B33"]
[Time "15:05:21"]
[TimeControl "2700+45"]

1. e4 c5 2. Nf3 Nc6 3. d4 cxd4 4. Nxd4 Nf6 5. Nc3 e6 6. Ndb5 d5 7. exd5 Nxd5 8.
Nxd5 exd5 9. Qxd5 Qe7+ 10. Be3 Be6 11. Qg5 f6 12. Qg3 Rc8 13. Be2 a6 14. Nc3 Nb4
15. Bd3 Nd5 16. Nxd5 Bxd5 17. O-O Kf7 18. Rfe1 Qd7 19. Rad1 Qc6 20. b3 Bb4 21.
Bd2 Bxd2 22. Rxd2 Rce8 23. Rde2 Rxe2 24. Rxe2 g6 25. c4 Be6 26. Be4 Qd7 {Game
drawn by mutual agreement} 1/2-1/2

[Event "Team 45 45 League T72"]
[Site "Internet Chess Club"]
[Date "2017.04.21"]
[Round "6"]
[White "rubo"]
[Black "ascoli"]
[Result "0-1"]
[WhiteElo "1615"]
[BlackElo "1691"]
[Opening "Sicilian: Grand Prix attack, Schofman variation"]
[ECO "B23"]
[Time "15:04:48"]
[TimeControl "2700+45"]

1. e4 c5 2. Nc3 Nc6 3. f4 g6 4. Nf3 Bg7 5. Bc4 e6 6. f5 exf5 7. d3 Nge7 8. O-O
O-O 9. Qe1 Nd4 10. Bb3 fxe4 11. dxe4 c4 12. Ba4 b5 13. Nxb5 Nxb5 14. Qb4 Qb6+
15. Kh1 Nd6 16. c3 Qxb4 17. cxb4 Nxe4 18. Bc2 d5 19. Bxe4 dxe4 20. Nd2 f5 21.
Rb1 Ba6 22. Re1 Nd5 23. a3 e3 24. Nf1 f4 25. h3 Rac8 26. Nh2 c3 27. bxc3 Bxc3
28. Rd1 e2 {White resigns} 0-1

[Event "Team 45 45 League T72"]
[Site "Internet Chess Club"]
[Date "2017.04.21"]
[Round "6"]
[White "JohLeb"]
[Black "nosir"]
[Result "1-0"]
[WhiteElo "1454"]
[BlackElo "1443"]
[Opening "Nimzo-Indian: three knights variation"]
[ECO "E21"]
[Time "20:00:30"]
[TimeControl "2700+45"]

1. d4 Nf6 2. c4 e6 3. Nf3 Bb4+ 4. Nc3 Ne4 5. Qc2 O-O 6. Qxe4 d5 7. Qd3 Nd7 8. a3
dxc4 9. Qxc4 Be7 10. e4 a6 11. Bf4 c6 12. Rc1 Nf6 13. Bd3 Bd7 14. O-O b5 15. Qb3
Nh5 16. Be3 Rb8 17. Qc2 h6 18. b4 Nf6 19. e5 Nd5 20. Nxd5 exd5 21. Qd2 Rc8 22.
Bxh6 f5 23. Bg5 g6 24. Bxe7 Qxe7 25. Rfe1 Be6 26. Qg5 Qh7 27. Nh4 Kg7 28. Re3
Qh5 29. Rg3 Qxg5 30. Rxg5 Bf7 31. Nxf5+ {Black resigns} 1-0

[Event "Team 45 45 League T72"]
[Site "Internet Chess Club"]
[Date "2017.04.23"]
[Round "6"]
[White "g8wrb"]
[Black "dabodhi"]
[Result "1-0"]
[WhiteElo "1276"]
[BlackElo "1268"]
[Opening "Polish (Sokolsky) opening"]
[ECO "A00"]
[Time "14:02:07"]
[TimeControl "2700+45"]

1. b4 e5 2. Bb2 Bxb4 3. Bxe5 Nf6 4. Nf3 Nc6 5. a3 Ba5 6. Bc3 Bb6 7. d4 d5 8. a4
a5 9. e3 O-O 10. Bb5 Bg4 11. O-O Ne4 12. Bb2 Nb4 13. c3 Nc6 14. Ba3 Ne7 15. h3
Bh5 16. Re1 c6 17. Be2 Bg6 18. c4 Re8 19. Qb3 Rb8 20. Ne5 Bc7 21. Nxg6 hxg6 22.
Bf3 Nf5 23. Bg4 Nxf2 24. Bxf5 gxf5 25. Kxf2 Qh4+ 26. Kf1 f4 27. cxd5 fxe3 28.
Rxe3 Qf4+ 29. Ke2 Rxe3+ 30. Qxe3 Ra8 31. Qxf4 {Black resigns} 1-0

[Event "Team 45 45 League T72"]
[Site "Internet Chess Club"]
[Date "2017.04.20"]
[Round "6"]
[White "Xbug"]
[Black "SeniorCitizen"]
[Result "1/2-1/2"]
[WhiteElo "1123"]
[BlackElo "1247"]
[Opening "QGD: classical variation (5.Bf4)"]
[ECO "D37"]
[Time "16:20:01"]
[TimeControl "2700+45"]

1. d4 d5 2. c4 e6 3. Nc3 Nf6 4. Nf3 Be7 5. Bf4 a6 6. cxd5 Nxd5 7. Nxd5 exd5 8.
e3 Bg4 9. Be2 Bxf3 10. Bxf3 Bb4+ 11. Ke2 c6 12. a3 Bd6 13. Bxd6 Qxd6 14. Re1 O-O
15. Kf1 Nd7 16. Kg1 Nf6 17. Qc2 Rfe8 18. b4 Re7 19. Qc5 Qxc5 20. dxc5 Kf8 21. h3
Rd8 22. Red1 Ne4 23. Bxe4 Rxe4 24. Rd4 Rxd4 25. exd4 Re8 26. Kf1 Re4 27. Rd1 Ke8
28. f3 Re7 29. Re1 Rxe1+ 30. Kxe1 Kd7 31. Kd2 Kc7 32. g4 b5 33. Ke3 Kd7 34. f4
Ke6 35. f5+ Kf6 36. h4 h6 37. Kf3 g5 38. h5 Ke7 39. Ke3 f6 40. Kd3 Kd7 41. Kc3
Kc7 42. Kb3 Kb7 43. a4 Ka7 44. Ka3 Kb7 45. Kb2 Ka7 46. Kc1 Kb7 47. Kb1 Ka7 48.
a5 {Game drawn by mutual agreement} 1/2-1/2

[Event "Team 45 45 League T72"]
[Site "Internet Chess Club"]
[Date "2017.04.23"]
[Round "6"]
[White "drsigmund1"]
[Black "mongmong"]
[Result "1/2-1/2"]
[WhiteElo "1426"]
[BlackElo "1507"]
[Opening "Queen's pawn"]
[ECO "A40"]
[Time "12:03:52"]
[TimeControl "2700+45"]

1. d4 e6 2. Bf4 c5 3. c3 Nf6 4. e3 Be7 5. Nd2 b6 6. Ngf3 O-O 7. Bd3 Ba6 8. Qe2
Bxd3 9. Qxd3 d5 10. O-O Nbd7 11. h3 a6 12. a4 c4 13. Qc2 b5 14. axb5 axb5 15. b3
Qb6 16. bxc4 bxc4 17. Rfb1 Qc6 18. Ne5 Nxe5 19. Bxe5 Rxa1 20. Rxa1 Ra8 21. Rxa8+
Qxa8 22. Qb2 h6 23. Bxf6 Bxf6 24. e4 Be7 25. exd5 exd5 26. Kf1 Qa3 27. Qxa3 Bxa3
28. Nb1 Bc1 29. Ke2 f6 30. g3 h5 31. Kd1 Bh6 32. Na3 Kf7 33. Nb5 Ke6 34. Nc7+
Kd6 35. Nb5+ Kc6 36. Na7+ Kb7 37. Nb5 Kc6 38. Na7+ Kd7 39. Nb5 g5 40. Ke2 Bf8
41. Kd1 Be7 42. Kc2 Bd8 43. Na3 Ba5 44. Nb1 Ke6 45. Nd2 Kf5 46. f3 h4 47. Nf1
Bc7 48. Ne3+ Ke6 49. g4 Bf4 50. Nf5 Bc7 51. Ng7+ Kf7 52. Nf5 Ba5 53. Ne3 Ke6 54.
Nf5 Bc7 55. Ng7+ Kf7 56. Nf5 Bf4 57. Kd1 Ke6 58. Kc2 Bg3 59. Ng7+ Kd6 60. Nf5+
Kc6 61. Ne7+ Kd6 62. Nf5+ Ke6 63. Ng7+ Kf7 64. Nf5 Bc7 65. Ne3 Ke6 66. Nf5 {Game
drawn by mutual agreement} 1/2-1/2

[Event "Team 45 45 League T72"]
[Site "Internet Chess Club"]
[Date "2017.04.23"]
[Round "6"]
[White "tasawyer81"]
[Black "dabodhi"]
[Result "0-1"]
[WhiteElo "1146"]
[BlackElo "1279"]
[Opening "Caro-Kann defense"]
[ECO "B12"]
[Time "20:00:34"]
[TimeControl "2700+45"]

1. d4 c6 2. e4 d6 3. c3 Nf6 4. Bd3 Qc7 5. Nf3 Bg4 6. O-O Nbd7 7. Nbd2 e5 8. h3
Bh5 9. Qc2 Be7 10. Nb3 Bxf3 11. gxf3 Nh5 12. Kg2 Nf4+ 13. Bxf4 exf4 14. Rg1 Bh4
15. Kf1 g6 16. Re1 O-O-O 17. e5 dxe5 18. dxe5 Nxe5 19. Nd4 Nxd3 20. Qxd3 c5 21.
Rg4 Bf6 22. Nb5 Rxd3 23. Nxc7 Kxc7 24. Rxf4 Rd6 25. Ree4 Kd7 26. Rc4 b6 27. b4
cxb4 28. cxb4 Rc8 29. Rxc8 Kxc8 30. Rc4+ Kd7 31. Kg2 Rd4 32. Rxd4+ Bxd4 33. Kf1
Kd6 34. Ke2 Kd5 35. f4 Ke4 36. f3+ Kxf4 37. b5 Kg3 38. Kd3 Bc5 39. Ke4 Kxh3 40.
a4 f5+ 41. Kf4 Kh4 42. Ke5 Kg3 43. Kd5 Kxf3 {White resigns} 0-1

[Event "Team 45 45 League T72"]
[Site "Internet Chess Club"]
[Date "2017.04.21"]
[Round "6"]
[White "Just-Jim"]
[Black "Toalla"]
[Result "0-1"]
[WhiteElo "1297"]
[BlackElo "1175"]
[Opening "Queen's pawn game"]
[ECO "D04"]
[Time "17:30:28"]
[TimeControl "2700+45"]

1. Nf3 d5 2. d4 Nf6 3. e3 Nbd7 4. c4 e6 5. cxd5 exd5 6. h3 c5 7. Bd2 Be7 8. Nc3
O-O 9. Be2 a6 10. O-O c4 11. b3 b5 12. bxc4 bxc4 13. Qa4 Rb8 14. Ne5 Nxe5 15.
dxe5 Nd7 16. Nxd5 Nxe5 17. Nxe7+ Qxe7 18. Rab1 Bd7 19. Qxa6 Qc5 20. f4 Nd3 21.
Bxd3 cxd3 22. Qxd3 Bf5 23. Qd4 Qxd4 24. exd4 Bxb1 25. a3 Rb3 26. Bb4 Re8 27. Rc1
Be4 28. Be7 Rg3 29. Kf1 Rxg2 30. Bd6 Rh2 31. Rc5 Rxh3 32. Rg5 f6 33. Rc5 Rf3+
34. Ke2 Bb7+ 35. Be5 Rxa3 36. Kd2 fxe5 37. fxe5 Rf8 38. e6 Rf2+ 39. Ke1 Rh2 40.
Kd1 Rd3+ 41. Kc1 Rxd4 42. e7 Re4 43. Rc7 Re1# {White checkmated} 0-1

[Event "Team 45 45 League T72"]
[Site "Internet Chess Club"]
[Date "2017.04.23"]
[Round "6"]
[White "WzeroMN"]
[Black "Xbug"]
[Result "0-1"]
[WhiteElo "1157"]
[BlackElo "1141"]
[Opening "Sicilian defense"]
[ECO "B32"]
[Time "18:00:54"]
[TimeControl "2700+45"]

1. e4 c5 2. Nf3 Nc6 3. d4 cxd4 4. Nxd4 d6 5. Bb5 Nf6 6. Nc3 g6 7. Nxc6 bxc6 8.
Bxc6+ Bd7 9. Bxa8 Qxa8 10. Qd3 Bc6 11. f3 Bg7 12. Bd2 O-O 13. O-O-O Nd7 14. Nd5
Qb8 15. Qb3 Nc5 16. Qxb8 Rxb8 17. Bc3 Bh6+ 18. Bd2 Bg7 19. Bc3 Bh6+ 20. Kb1 Na4
21. b3 Bxd5 22. exd5 Nxc3+ 23. Kb2 Nxd1+ 24. Rxd1 Bg7+ 25. c3 Rc8 26. Rd3 Be5
27. h3 Kg7 28. Kc2 Kh6 29. c4 Kg5 30. Rd1 f5 31. Rg1 Kf6 32. g4 fxg4 33. fxg4 e6
34. Rf1+ Ke7 35. dxe6 Kxe6 36. Re1 Rf8 37. b4 Rf3 38. c5 dxc5 39. bxc5 Rg3 40.
c6 Kf6 41. Rd1 Rxh3 42. Kb1 Rh4 43. Rc1 Bc7 44. Rd1 Rxg4 45. Rd7 Bb6 46. c7 Rc4
47. Rd6+ Kg7 48. Rd7+ Kh6 49. a4 Rxc7 50. Rxc7 Bxc7 51. Kb2 g5 52. Kb3 g4 53.
Kb4 g3 54. Kc5 g2 55. Kc6 Bb6 56. Kb7 g1=R 57. Ka6 Kg6 58. a5 Bxa5 59. Kxa5 Rb1
60. Ka6 Kf6 61. Kxa7 Ke6 62. Ka8 Kd6 63. Ka7 Kc6 64. Ka8 Kc7 65. Ka7 Ra1# {White
checkmated} 0-1

[Event "Team 45 45 League T72"]
[Site "Internet Chess Club"]
[Date "2017.04.23"]
[Round "6"]
[White "guyd52"]
[Black "Electryon"]
[Result "1-0"]
[WhiteElo "1316"]
[BlackElo "1447"]
[Opening "Réti: King's Indian attack (Barcza system)"]
[ECO "A07"]
[Time "19:04:19"]
[TimeControl "2700+45"]

1. Nf3 d5 2. g3 Bf5 3. Bg2 Nc6 4. d3 e5 5. Nbd2 Nf6 6. O-O Qd7 7. e4 Bh3 8. Re1
Bd6 9. c3 O-O-O 10. b4 Bxg2 11. Kxg2 h5 12. h4 dxe4 13. Nxe4 Nxe4 14. dxe4 Qg4
15. Ng5 Qd7 16. Qd5 f6 17. Nf7 Ne7 18. Qc4 Qg4 19. Nxh8 Rxh8 20. Be3 Nf5 21.
Qe6+ Kb8 22. Qxf5 b6 23. f3 Qxf5 24. exf5 Rd8 25. Red1 Kc8 26. a3 a6 27. Rac1
Kb7 28. c4 Be7 29. Rxd8 Bxd8 30. Rd1 Kc8 31. a4 c6 32. Rd6 Kc7 33. Re6 Kd7 34.
Kh3 Bc7 35. g4 hxg4+ 36. Kxg4 b5 37. cxb5 axb5 38. axb5 cxb5 39. Bc5 Bd8 40. Kh5
{Black resigns} 1-0

[Event "Team 45 45 League T72"]
[Site "Internet Chess Club"]
[Date "2017.04.21"]
[Round "6"]
[White "Aquaman"]
[Black "liujf"]
[Result "0-1"]
[WhiteElo "1349"]
[BlackElo "1670"]
[Opening "Réti: King's Indian attack, French variation"]
[ECO "A07"]
[Time "17:11:52"]
[TimeControl "2700+45"]

1. Nf3 d5 2. g3 Nf6 3. Bg2 c5 4. O-O Nc6 5. d3 e6 6. Nbd2 Be7 7. Re1 O-O 8. e4
Qc7 9. e5 Nd7 10. Qe2 b5 11. Nf1 h6 12. h4 a5 13. Bf4 a4 14. N1h2 a3 15. b3 b4
16. Bh3 Re8 17. Kh1 Bb7 18. g4 Nf8 19. h5 Nd7 20. g5 hxg5 21. Bxg5 Bxg5 22. Nxg5
Ndxe5 23. Kg1 Re7 24. Ngf3 Nxf3+ 25. Qxf3 Nd4 26. Qd1 Qf4 27. Bg2 e5 28. Rc1
Rae8 29. c4 dxc4 30. Bxb7 Rxb7 31. dxc4 Rb6 32. Kh1 f5 33. Rf1 Rh6 34. Kg1 e4
35. Qe1 Rxh5 {White resigns} 0-1

[Event "Team 45 45 League T72"]
[Site "Internet Chess Club"]
[Date "2017.04.20"]
[Round "6"]
[White "olivermx"]
[Black "rhayder"]
[Result "1/2-1/2"]
[WhiteElo "1271"]
[BlackElo "1157"]
[Opening "Ruy Lopez: Anderssen variation"]
[ECO "C77"]
[Time "18:16:17"]
[TimeControl "2700+45"]

1. e4 e5 2. Nf3 Nc6 3. Bb5 a6 4. Ba4 Nf6 5. d3 Be7 6. O-O O-O 7. Bg5 b5 8. Bb3
Na5 9. Nbd2 Nxb3 10. Nxb3 d6 11. Re1 Be6 12. Nbd2 Qd7 13. Nf1 Bg4 14. Ng3 Qe6
15. Bxf6 Bxf6 16. h3 Bxh3 17. gxh3 Qxh3 18. Nh2 Bg5 19. Qg4 Qxg4 20. Nxg4 Bf4
21. Kg2 Rfe8 22. Ne2 Bg5 23. Rh1 Re6 24. Nc3 Rg6 25. Nd5 Bd8 26. f3 c6 27. Ne3
d5 28. exd5 cxd5 29. Nxd5 Rc8 30. Rac1 Bg5 31. Rcf1 Rxc2+ 32. Rf2 Rc5 33. Nc3
Be3 34. Re2 Bd4 35. Rc2 b4 36. Kf1 bxc3 37. bxc3 Rgc6 38. c4 Rb6 39. Ke2 Rb2 40.
Rxb2 Bxb2 41. Rb1 f5 42. Nf6+ gxf6 43. Rxb2 Kg7 44. Ke3 Kg6 45. Rg2+ Kh5 46. f4
e4 47. Re2 exd3 48. Kxd3 Rc6 49. Rg2 Rd6+ 50. Kc3 Rc6 51. Rh2+ Kg6 52. Rg2+ Kf7
53. Rh2 Kg6 54. Rg2+ Kf7 55. Rh2 Kg6 56. Rg2+ Kf7 {Game drawn by repetition}
1/2-1/2

[Event "Team 45 45 League T72"]
[Site "Internet Chess Club"]
[Date "2017.04.24"]
[Round "6"]
[White "vedv"]
[Black "oldbookseller"]
[Result "1-0"]
[WhiteElo "1013"]
[BlackElo "928"]
[Opening "Giuoco Pianissimo: Italian four knights variation"]
[ECO "C46"]
[Time "18:00:31"]
[TimeControl "2700+45"]

1. e4 e5 2. Nf3 Nc6 3. Nc3 Bc5 4. Bc4 Nf6 5. d3 O-O 6. Bg5 d6 7. Qe2 Nd4 8. Nxd4
Bxd4 9. Bd2 Qd7 10. O-O-O Qc6 11. Bb5 Qc5 12. h4 Be6 13. Bc4 Rfe8 14. f4 Ng4 15.
f5 Nf2 16. Rdf1 Nxh1 17. Rxh1 a6 18. h5 h6 19. fxe6 fxe6 20. Qg4 b5 21. Bxh6 Kf7
22. Qxg7# {Black checkmated} 1-0

[Event "Team 45 45 League T72"]
[Site "Internet Chess Club"]
[Date "2017.04.23"]
[Round "6"]
[White "alexping"]
[Black "santiagoelawad"]
[Result "0-1"]
[WhiteElo "1916"]
[BlackElo "1982"]
[Opening "QGD Slav: 4.Nc3"]
[ECO "D15"]
[Time "11:46:26"]
[TimeControl "2700+45"]

1. d4 d5 2. c4 c6 3. Nc3 Nf6 4. Nf3 a6 5. b3 g6 6. e3 Bg7 7. Be2 O-O 8. O-O c5
9. Bb2 cxd4 10. exd4 Nc6 11. c5 Ne4 12. Na4 Bg4 13. a3 a5 14. Qd3 Rb8 15. Rfd1
Qd7 16. Ne1 Bf5 17. Qd2 Nxd2 {White resigns} 0-1

[Event "Team 45 45 League T72"]
[Site "Internet Chess Club"]
[Date "2017.04.22"]
[Round "6"]
[White "primerpaso"]
[Black "LinceHispano44"]
[Result "1-0"]
[WhiteElo "1825"]
[BlackElo "1748"]
[Opening "English opening"]
[ECO "A13"]
[Time "20:00:55"]
[TimeControl "2700+45"]

1. c4 e6 2. Nc3 d5 3. cxd5 exd5 4. d4 c6 5. g3 Nf6 6. Bg2 Bd6 7. Nf3 O-O 8. O-O
Bf5 9. Ne5 Re8 10. Bf4 Nh5 11. e3 Nxf4 12. gxf4 Re6 13. Ne2 Rh6 14. Nf3 Nd7 15.
Re1 Nf6 16. Ng5 Ne4 17. Nxe4 dxe4 18. Ng3 Bh3 19. Nxe4 Bxg2 20. Kxg2 Qh4 21. Qf3
Qxh2+ 22. Kf1 Bb4 23. Red1 Qh1+ 24. Ke2 Qxf3+ 25. Kxf3 Rd8 26. Rd3 Rd7 27. Rad1
Kf8 28. d5 cxd5 29. Rxd5 Rxd5 30. Rxd5 Rb6 31. a3 Be7 32. b4 g6 33. Rd7 Ke8 34.
Rc7 Kd8 35. Rc3 h5 36. f5 gxf5 37. Ng3 h4 38. Nxf5 Bf6 39. Rd3+ Ke8 40. Rd6 Rc6
41. Rxc6 bxc6 42. Kg4 a6 43. Nd6+ Ke7 44. Nc4 Ke6 45. e4 Bd4 46. f4 c5 47. f5+
Ke7 48. bxc5 Bxc5 49. Kxh4 a5 50. Kg5 f6+ 51. Kf4 Kd7 52. e5 fxe5+ 53. Kxe5 Ke7
54. a4 Bb4 55. Ne3 Bc3+ 56. Kd5 Bd2 57. Ng4 Kf7 58. Kc4 Ke7 59. Kb5 Kf7 60. Nf2
Bb4 61. Ne4 Ke7 62. Kc6 Be1 63. Kd5 Bh4 64. Ke5 Kf7 65. Kf4 Be7 66. Nc3 Bb4 67.
Nd5 Bd2+ 68. Kf3 Bb4 69. Nxb4 Kf6 70. Ke4 axb4 71. a5 b3 72. Kd3 Kxf5 73. a6
{Black resigns} 1-0

[Event "Team 45 45 League T72"]
[Site "Internet Chess Club"]
[Date "2017.04.22"]
[Round "6"]
[White "bobhill"]
[Black "kabindra"]
[Result "0-1"]
[WhiteElo "1848"]
[BlackElo "1709"]
[Opening "Queen's bishop game"]
[ECO "D02"]
[Time "10:06:36"]
[TimeControl "2700+45"]

1. d4 d5 2. Nf3 Nf6 3. Bf4 e6 4. e3 Be7 5. Bd3 O-O 6. O-O b6 7. Ne5 Bb7 8. Nd2
Nbd7 9. a4 Nxe5 10. Bxe5 Bd6 11. Bxd6 Qxd6 12. a5 c5 13. c3 c4 14. Bc2 Rad8 15.
f4 b5 16. Nf3 a6 17. Ne5 Ne4 18. Rf3 f6 19. Ng4 b4 20. Bxe4 dxe4 21. Rg3 bxc3
22. bxc3 Qd5 23. Rb1 Rd7 24. Rb6 Qxa5 25. Rxe6 Kh8 26. Qb1 Bd5 27. Rb6 Qxc3 28.
Nxf6 gxf6 29. Rxf6 Rfd8 30. h4 Rg7 31. Rxg7 Kxg7 32. Qb6 Qe1+ 33. Kh2 Qxh4+
{White resigns} 0-1

[Event "Team 45 45 League T72"]
[Site "Internet Chess Club"]
[Date "2017.04.23"]
[Round "6"]
[White "Portola"]
[Black "Beetlejuice"]
[Result "0-1"]
[WhiteElo "1758"]
[BlackElo "1740"]
[Opening "Dutch, 2.Bg5 variation"]
[ECO "A80"]
[Time "10:04:11"]
[TimeControl "2700+45"]

1. d4 f5 2. Bg5 h6 3. Bh4 g5 4. Bg3 Nf6 5. e3 Bg7 6. Nf3 d6 7. Bc4 e6 8. c3 Nc6
9. Qc2 a6 10. Nbd2 Qe7 11. h3 Bd7 12. a4 O-O 13. O-O Kh8 14. Rfe1 e5 15. dxe5
dxe5 16. Bf1 Nh5 17. Bh2 g4 18. hxg4 fxg4 19. Qg6 gxf3 20. Qxh5 Rf5 21. Qg6 Rg8
22. Qg4 Bf8 23. Qe4 fxg2 24. Bxg2 Rfg5 25. Bg3 Rg4 26. Qd3 Qg7 27. Nf1 h5 28.
Bh3 Rxg3+ 29. fxg3 Bxh3 30. Qe2 Bxf1 31. Qxh5+ Qh7 32. Qxh7+ Kxh7 33. Rxf1 Bd6
34. e4 Rxg3+ 35. Kf2 Rg6 36. Rh1+ Kg7 37. b4 a5 38. b5 Nd8 39. Rad1 Ne6 40. Ke3
Nc5 41. Rh3 Rg4 42. Rdh1 Rxe4+ 43. Kf3 Rxa4 44. Rg3+ Kf7 45. Rh7+ Ke6 46. Rg6+
Kd5 47. Rh1 Kc4 48. b6 Ra3 49. bxc7 Rxc3+ 50. Ke2 Bxc7 51. Rg8 a4 52. Rc8 Ba5
53. Rh5 Rc2+ 54. Kd1 Rd2+ 55. Kc1 Rd5 56. Kb2 Bc3+ 57. Ka3 b5 58. Rh4+ Rd4 59.
Rh3 b4+ 60. Ka2 Rd2+ 61. Kb1 a3 62. Kc1 a2 63. Rxc3+ bxc3 64. Rxc5+ Kd4 65. Rc4+
Ke3 66. Re4+ Kf2 67. Rf4+ Kg2 68. Rg4+ Kh1 69. Rg1+ Kh2 70. Rh1+ Kg2 71. Rg1+
Kf2 72. Rf1+ Ke3 73. Rf3+ Kd4 74. Rf4+ Kd5 75. Ra4 Rh2 {White resigns} 0-1

[Event "Team 45 45 League T72"]
[Site "Internet Chess Club"]
[Date "2017.04.24"]
[Round "6"]
[White "room-matt"]
[Black "LittleButton"]
[Result "0-1"]
[WhiteElo "1833"]
[BlackElo "1873"]
[Opening "Sicilian: Grand Prix attack"]
[ECO "B21"]
[Time "12:19:09"]
[TimeControl "2700+45"]

1. e4 c5 2. f4 d5 3. exd5 Nf6 4. c4 e6 5. Qe2 Bd6 6. dxe6 O-O 7. exf7+ Rxf7 8.
Qf3 Nc6 9. Ne2 Bg4 10. Qg3 Nb4 11. Na3 Re7 12. Kd1 Ne4 13. Qe3 Qf8 14. g3 Nd3
15. Kc2 Nef2 16. Rg1 Rxe3 17. dxe3 Nb4+ 18. Kb3 a5 19. Ka4 Bd7+ 20. Nb5 Qf5 21.
Nc3 Qc2+ 22. Ka3 Nd1 23. Rg2 a4 24. Nxd1 Qxg2 {White resigns} 0-1

[Event "Team 45 45 League T72"]
[Site "Internet Chess Club"]
[Date "2017.04.23"]
[Round "6"]
[White "Goli"]
[Black "IshanR"]
[Result "1-0"]
[WhiteElo "1800"]
[BlackElo "1914"]
[Opening "Ruy Lopez: Schliemann defense"]
[ECO "C63"]
[Time "06:33:36"]
[TimeControl "2700+45"]

1. e4 e5 2. Nf3 Nc6 3. Bb5 f5 4. exf5 e4 5. Bxc6 dxc6 6. Qe2 Qe7 7. Nd4 Qe5 8.
Ne6 Bd6 9. Nc3 Bxe6 10. fxe6 Nf6 11. b3 O-O-O 12. Bb2 Rde8 13. O-O-O Rxe6 14. h3
Rhe8 15. Qe3 Bc5 16. Qe2 Qd6 17. Kb1 Bd4 18. f3 e3 19. dxe3 Rxe3 20. Qc4 c5 21.
Nb5 Qd5 22. Rxd4 Re1+ 23. Rxe1 Rxe1+ 24. Bc1 Qg5 25. f4 Qxg2 26. Qxc5 c6 27. Qd6
Rxc1+ 28. Kxc1 cxb5 29. Qd8# {Black checkmated} 1-0

[Event "Team 45 45 League T72"]
[Site "Internet Chess Club"]
[Date "2017.04.21"]
[Round "6"]
[White "Konstantinos"]
[Black "zap2"]
[Result "0-1"]
[WhiteElo "1630"]
[BlackElo "1817"]
[Opening "Grünfeld: 5.e3"]
[ECO "D94"]
[Time "04:45:55"]
[TimeControl "2700+45"]

1. d4 Nf6 2. c4 g6 3. Nc3 d5 4. Nf3 Bg7 5. e3 O-O 6. Be2 c5 7. dxc5 Qa5 8. O-O
dxc4 9. Bxc4 Qxc5 10. Be2 Nc6 11. a3 Rd8 12. Qa4 Bf5 13. Bd2 Bd3 14. Rac1 Qh5
15. Bxd3 Rxd3 16. Rfd1 Rad8 17. Be1 b5 18. Qa6 Rxd1 19. Nxd1 Ne5 20. Nxe5 Rxd1
21. Qc8+ Bf8 22. Nf3 Qd5 23. Qc2 Rxc1 24. Qxc1 Ne4 25. Bb4 Nd6 26. Qd2 Qxd2 27.
Bxd2 Nc4 28. Bc1 e6 29. Nd2 Ne5 30. Kf1 Nd3 31. Nb3 Bg7 32. Bd2 Nxb2 33. Bb4 Nc4
34. Nc5 a5 35. Be1 Bb2 36. a4 b4 37. Nb3 Be5 38. Ke2 f5 39. Bd2 Kf7 40. Bc1 Bc7
41. Kd3 Ne5+ 42. Ke2 Nc4 43. Kd3 Ne5+ 44. Ke2 Ke7 45. h3 Kd6 46. Bb2 Nc4 47. Ba1
e5 48. Kd3 Kd5 49. f3 e4+ 50. Ke2 Bb6 51. Bd4 Bxd4 52. fxe4+ fxe4 53. Nxd4 Nb2
54. Nb3 Kc4 55. Nxa5+ Kc3 56. Nc6 Nxa4 {White resigns} 0-1